Map: Ulrena

Players

SatO

  • Race: Zerg Zerg
  • League: Grandmaster

Miszu - Winner!

  • Race: Terran Terran
  • League: Grandmaster

VOD

Have the link to the VOD?

Description

Time

  • Played on: May 18, 2016, 12:36 p.m.
  • Length: 3:16
Show
View Real Time Build Order
Export as new Build Order

SatO Zerg 

Build Orders: Pool First 

Get SALT Encoding   

  12  0:01  Drone  
  13  0:14  Overlord  
  13  0:18  Drone  
  14  0:25  Extractor, Drone  
  15  0:35  Drone  
  16  0:43  Drone  
  16  0:46  Spawning Pool  
  16  0:50  Drone  
  16  0:54  Extractor  
  16  1:03  Drone  
  17  1:16  Drone  
  18  1:22  Hatchery  
  17  1:28  Drone  
  18  1:36  Zergling x2  
  19  1:40  Queen  
  19  1:46  Zergling x2  
  22  1:53  Overlord  
  22  1:58  Extractor  
  21  2:03  Zergling x2  
  22  2:13  Zergling x2  
  22  2:24  Zergling x2  
  23  2:35  Zergling x4  
  17  2:47  Zergling x2  
  17  2:50  Zergling x2  
  15  2:52  Zergling x4  
  15  2:57  Zergling x2  
  15  2:58  Zergling x2  
Show
View Real Time Build Order
Export as new Build Order

Miszu Terran - Winner!

Build Orders:  

Get SALT Encoding   

  12  0:00  SCV  
  13  0:12  SCV  
  14  0:24  Supply Depot  
  14  0:25  SCV  
  15  0:46  Barracks  
  15  0:53  Barracks  
  15  1:03  Barracks  
  15  1:33  Marine  
  15  1:34  Barracks  
  15  1:39  Marine  
  17  1:40  Supply Depot  
  17  1:50  Marine x2  
  19  1:57  Marine  
  20  2:08  Marine x2  
  21  2:15  Marine  
  23  2:23  Marine  
  23  2:25  Marine  
  23  2:26  Marine  
  26  2:33  Marine  
  26  2:35  Supply Depot  
  24  2:41  Marine  
  24  2:43  Marine  
  26  2:49  Marine  
  26  2:51  Marine  
Tags
 
Add a new tag
Caveats
  • Supply blocks, unpowered buildings, or Contaminate may cause inaccurate times.
  • Supply counts are checked every 10 seconds.